 Seeded DCSS version 0.30-a0-629-gd54f4be4f7 (webtiles) character file.

Game seed: 10617039283874685323 (custom seed)

44 Juicyj the Covered (level 3, 0/33 HPs)
             Began as a Minotaur Fighter on Jan 12, 2023.
             Slain by a gnoll
             ... wielding a +0 flail
              (2 damage)
             ... on level 2 of the Dungeon.
             The game lasted 00:05:56 (815 turns).

Juicyj the Covered (Minotaur Fighter)                Turns: 815, Time: 00:05:57

Health: 0/33       AC:  7    Str: 26    XL:     3   Next: 39%
Magic:  2/2        EV:  9    Int:  5    God:
Gold:   8          SH:  4    Dex: 11    Spells: 2/2 levels left

rFire   . . .      SeeInvis .    a - +0 trident
rCold   . . .      Faith    .    c - +0 buckler
rNeg    . . .      Spirit   .    b - +0 scale mail
rPois   .          Reflect  .    (helmet restricted)
rElec   .          Harm     .    (no cloak)
rCorr   .          Rampage  .    (no gloves)
Will    .....                    (no boots) Stlth
                                 (no amulet)
HPRegen 0.25/turn                m - +6 ring of strength
MPRegen 0.08/turn                (no ring)

@: no status effects
A: horns 2, retaliatory headbutt
a: no special abilities


You were on level 2 of the Dungeon.
You visited 1 branch of the dungeon, and saw 2 of its levels.

You collected 8 gold pieces.

Inventory:

Hand Weapons
 a - a +0 trident (weapon)
Armour
 b - a +0 scale mail (worn)
 c - a +0 buckler (worn)
Jewellery
 l - a ring of poison resistance
 m - a +6 ring of strength (left hand)
Scrolls
 f - a scroll of fear {unknown}
 g - a scroll of teleportation {unknown}
 h - 2 scrolls of identify {unknown}
 j - a scroll of magic mapping {unknown}
 k - a scroll of blinking {unknown}
Potions
 d - a potion of might
 e - a potion of resistance {unknown}
 i - a potion of flight {unknown}


   Skills:
 + Level 4.1 Fighting
 + Level 3.1 Polearms
 + Level 4.1 Armour
 + Level 4.1 Shields


You had 2 spell levels left.
You didn't know any spells.
Your spell library contained the following spells:

 Spells                   Type           Power      Damage    Failure   Level
 Beastly Appendage        Tmut           0%         N/A       83%         1
 Wereblood                Tmut           0%         N/A       93%         2
 Spider Form              Tmut/Pois      0%         N/A       99%         3


Dungeon Overview and Level Annotations

Branches:
Dungeon (2/15)

Altars:


Innate Abilities, Weirdness & Mutations

You have a pair of horns on your head.
You reflexively headbutt those who attack you in melee.


Message History

You block the jackal's attack.
The jackal bites you but does no damage.
The gnoll hits you but does no damage. The gnoll closely misses you.
You furiously retaliate!
You headbutt the gnoll. The gnoll hits you with a +0 flail.
The jackal bites you but does no damage.
You hit the gnoll. You headbutt the gnoll.
You kill the gnoll!
The jackal bites you but does no damage.
You block the jackal's attack.
The jackal bites you but does no damage.
You block the gnoll's attack. The gnoll hits you with a +0 flail. x2
The jackal bites you but does no damage.
The jackal barely misses you.
The jackal bites you but does no damage.
You completely miss the gnoll. You headbutt the gnoll.
The gnoll is severely wounded.
The jackal bites you but does no damage.
The gnoll hits you with a +0 flail! The gnoll closely misses you.
You block the gnoll's attack. The jackal barely misses you.
The jackal bites you but does no damage. x2
You block the gnoll's attack.
The gnoll hits you but does no damage. x2
You are too injured to fight recklessly!
Okay, then.
You feel stronger.
m - a +6 ring of strength (left hand)
The jackal misses you. You furiously retaliate!
You headbutt the jackal!
You kill the jackal!
The jackal closely misses you.
You closely miss the jackal. You headbutt the jackal.
You kill the jackal!
The jackal barely misses you. You furiously retaliate!
You headbutt the jackal!
You kill the jackal!
The gnoll closely misses you. The gnoll hits you with a +0 flail.
* * * LOW HITPOINT WARNING * * *
You block the gnoll's attack.
You barely miss the gnoll. The gnoll hits you with a +0 flail!
* * * LOW HITPOINT WARNING * * *
The gnoll hits you with a +0 flail.
You die...

#..........##
#...#<.....#
#...##.###.###
#........+ ..#
###....### $.#
#...)# ...###
#....###......
#.....gg......
#....†@g......
#.....†)......
#....(....####
#.........#
#####.....#
#(....#
.:.....
...#....


You could see 3 gnolls.

Vanquished Creatures
  A gnoll (D:2)
  2 ball pythons (D:1)
  2 endoplasms (D:1)
  3 giant cockroaches (D:1)
  5 goblins (D:1)
  A hobgoblin (D:1)
  7 jackals
  3 bats (D:1)
  2 frilled lizards (D:1)
  2 kobolds (D:1)
  2 rats (D:1)
30 creatures vanquished.

Notes
Turn   | Place    | Note
-------+----------+-------------------------------------------
     0 | D:1      | Juicyj the Minotaur Fighter began the quest for the Orb.
     0 | D:1      | Reached XP level 1. HP: 19/19 MP: 0/0
   114 | D:1      | Reached XP level 2. HP: 27/27 MP: 1/1
   520 | D:1      | Reached XP level 3. HP: 33/33 MP: 2/2
   815 | D:2      | Slain by a gnoll

Illustrated notes

Levels and vault maps discovered:
D:1:      lightli_arrival_maybe_door_vault, layout_loops_cross
D:2:      minmay_diamond_boxcup, layout_basic, uniq_crazy_yiuf_cottage

Skill      XL: |  1  2 |
---------------+-------+-----
Shields        | 4 |  4.1
Fighting       | 4 |  4.1
Armour         | 4 |  4.1
Polearms       | 3 |  3.1

Action                   || total
-------------------------++-------
Melee: Trident           ||    77
       Headbutt          ||     8
Armor: Scale mail        ||    40
Dodge: Dodged            ||    30
Block: Buckler           ||    15

Table legend: (Time is in decaauts)
 A = Elapsed time spent in this place.
 B = Non-inter-level travel time spent in this place.
 C = Inter-level travel time spent in this place.
 D = Time resting spent in this place.
 E = Time spent auto-exploring this place.
 F = Levels seen in this place.
 G = Mean time per level.
                   A        B        C        D        E       F      G
               +--------+--------+--------+--------+--------+-----+--------+
         Total |    830 |    631 |    199 |      0 |    480 |   2 |  415.0 |
       Dungeon |    830 |    631 |    199 |      0 |    480 |   2 |  415.0 |
               +--------+--------+--------+--------+--------+-----+--------+

Top non-repeatable levels by time:
     D:1: 812 daAuts
     D:2: 17 daAuts
